 Dungeon Crawl Stone Soup version 0.16-a0-223-g37887f7 (webtiles) character file.

490 Afay the Ducker (level 6, 0/47 HPs)
             Began as a Draconian Transmuter on Aug 20, 2014.
             Was a Believer of Jiyva.
             Succumbed to a killer bee's poison
             ... on Level 6 of the Dungeon.
             The game lasted 00:24:31 (4561 turns).

Afay the Ducker (Draconian Transmuter)              Turns: 4561, Time: 00:24:31

HP   0/47        AC  8     Str 11      XL: 6   Next: 90%
MP  18/18        EV 20     Int 13      God: Jiyva [**....]
Gold 220         SH  0     Dex 16      Spells:  2 memorised,  4 levels left

rFire  + . .     SeeInvis .       - Unarmed
rCold  . . .     Clarity  .     (armour unavailable)
rNeg   . . .     rCorr    .     (no shield)
rPois  .         rRot     .     (helmet restricted)
rElec  .         Spirit   .     i - +1 cloak {+Inv}
SustAb .         Warding  .     (no gloves)
rMut   .         Rnd*Tele +     (no boots)
Gourm  .                        u - amulet of rage
MR     .....                    q - ring of protection from fire
                                l - ring of magical power

@: agile, lethally poisoned, appendage (expiring), not resistant to hostile
enchantments, fairly stealthy
A: unfitting armour, horns 2, clumsy 1, low mp 1, teleportitis 1, weak 1, no
device heal 1, cold-blooded, AC +6
a: End Transformation, Request Jelly, Jelly Paralyse, Renounce Religion, Evoke
Berserk Rage, Evoke Invisibility


You were on level 6 of the Dungeon.
You worshipped Jiyva.
Jiyva was pleased with you.
You were not hungry.
You had grown temporary horns.
You visited 1 branch of the dungeon, and saw 6 of its levels.

You collected 220 gold pieces.

Inventory:

Armour
 i - a +1 cloak of darkness (worn)
Magical devices
 f - a wand of random effects (14) {unknown}
 j - a wand of heal wounds (0)
 t - a wand of flame (14) {unknown}
Comestibles
 a - 5 bread rations
 b - 4 beef jerkies
 x - 2 rotting chunks of quokka flesh
 z - a rotting chunk of goblin flesh
Scrolls
 h - 2 scrolls of teleportation {unknown}
 m - a scroll of immolation {unknown}
 o - 2 scrolls of enchant armour {unknown}
 B - a scroll of remove curse
Jewellery
 l - a ring of magical power (left hand)
 q - a ring of protection from fire (right hand)
 u - an amulet of rage (around neck)
Potions
 c - 2 potions of restore abilities {unknown}
 e - a potion of agility
 g - a potion of cure mutation {unknown}
 k - a potion of mutation
 p - a potion of haste {unknown}
 r - 2 potions of brilliance {unknown}
 s - 2 potions of curing {unknown}
Books
 d - a book of Changes

   Spells                             Type                      Level
   *Beastly Appendage                 Transmutation                1
   Sticks to Snakes                   Transmutation                2
   Spider Form                        Transmutation/Poison         3
   *Ice Form                          Ice/Transmutation            4
   Blade Hands                        Transmutation                5
 n - a book of Enchantments

   Spells                             Type                      Level
   Tukima's Dance                     Hexes                        3
   Cause Fear                         Hexes                        4
   Silence                            Hexes/Air                    5
   Deflect Missiles                   Charms/Air                   6
   Haste                              Charms                       6
   Discord                            Hexes                        8


   Skills:
 - Level 1.1 Fighting
 + Level 5.3 Dodging
 - Level 0.6 Stealth
 + Level 4.8 Unarmed Combat
 - Level 2.0 Spellcasting
 * Level 2.6 Transmutations
 + Level 1.6 Evocations


You had 4 spell levels left.
You knew the following spells:

 Your Spells              Type           Power        Failure   Level  Hunger
a - Beastly Appendage     Trmt           #.....       10%         1    ##.....
b - Ice Form              Ice/Trmt       #.......     98%         4    #####..


Dungeon Overview and Level Annotations

Branches:
Dungeon (7/15)             Temple (0/1) D:5

Altars:
Ashenzari
Kikubaaqudgha
Yredelemnul
Jiyva

Shops:
D:4 [   D:6 (


Innate Abilities, Weirdness & Mutations

Your plain brown scales are hard (AC +6).
Your body does not fit into most forms of armour.
Your cold-blooded metabolism reacts poorly to cold.
You have a pair of horns on your head.
You are clumsy. (Dex -2)
Your magical capacity is low (-10% MP).
Space occasionally distorts in your vicinity.
You are weak. (Str -2)
Potions and wands are less effective at restoring your health.


Message History

You feel very sick.
There is a stone staircase leading down here.
Drink which item? (? for menu, Esc to quit)
You feel extremely strange.
You feel less energetic.
Your system partially rejects artificial healing.
You feel weaker.
It was a potion of mutation.
* * * LOW HITPOINT WARNING * * *
You feel sick. The killer bee completely misses you.
The killer bee barely misses you.
Zapping:
j - a wand of heal wounds {zapped: 3}
Press: ? - help, Shift-Dir - straight line, f - you Nothing appears to happen.
* * * LOW HITPOINT WARNING * * *
You feel sick. The killer bee misses you. The killer bee barely misses you.
Drink which item? (? for menu, Esc to quit)
You feel agile all of a sudden.
It was a potion of agility.
You die...

####.............### ##>#
#.....#####..<..# #.## ##....#
###...# #..## #....#
##..#####..## ##...#
##.......#..# #...#
##..#####.##.# ##..# #..##
#..#.### #..######.## ##.)...# #
#......@y.# ###.#.. ##
#....##.### #..#.
.#########.......### ##.##
..##.........##....###########.##
..##.........##.#...##.....#.....
..##......J..##.....#............
..##.........###.##..............
..######.....# #.................
...## ###...#####...............


You could see a killer bee.

Vanquished Creatures
  Eustachio (D:6)
  Sigmund (D:6)
  A crimson imp (D:5)
  A jelly (D:5)
  An orc priest (D:5)
  2 worker ants (D:4)
  2 adders (D:2)
  A giant mite (D:4)
  A giant gecko (D:2)
  2 oozes
  4 orcs
  12 bats
  11 goblins
  8 hobgoblins
  6 jackals (D:1)
  7 kobolds
  A quokka (D:6)
  5 giant cockroaches
  2 giant newts
  A goblin skeleton (D:4)
  An orc skeleton (D:5)
  5 rats
  A ballistomycete (D:6)
77 creatures vanquished.

Vanquished Creatures (others)
  Menkaure (D:6)
  A jelly (D:5)
  A crimson imp (D:6)
  A hound (D:5)
  An orc wizard (D:5)
  An adder (D:5)
  A worm (D:5)
  2 orcs (D:5)
  A giant cockroach (D:5)
  A hobgoblin (D:5)
  A quokka (D:6)
  A giant spore (D:6)
  A kobold (D:5)
  A rat (D:5)
15 creatures vanquished.

Grand Total: 92 creatures vanquished

Notes
Turn   | Place    | Note
--------------------------------------------------------------
     0 | D:1      | Afay, the Draconian Transmuter, began the quest for the Orb.
     0 | D:1      | Reached XP level 1. HP: 16/16 MP: 3/3
   254 | D:1      | Reached XP level 2. HP: 18/23 MP: 4/4
   518 | D:1      | Gained mutation: You are clumsy. (Dex -2) [mutagenic glow]
   532 | D:1      | Reached XP level 3. HP: 26/28 MP: 6/6
   850 | D:2      | Found an ancient bone altar of Kikubaaqudgha.
   972 | D:2      | Gained mutation: Space occasionally distorts in your vicinity. [mutagenic glow]
  1274 | D:2      | Reached skill level 4 in Unarmed Combat
  1453 | D:2      | Reached XP level 4. HP: 26/35 MP: 7/7
  1582 | D:2      | You fall through a shaft for 2 floors!
  2169 | D:4      | Found Quol's Antique Armour Shop.
  2222 | D:4      | Reached XP level 5. HP: 40/40 MP: 9/9
  2230 | D:4      | Learned a level 4 spell: Ice Form
  2458 | D:5      | Entered Level 5 of the Dungeon
  2554 | D:5      | Found a basalt altar of Yredelemnul.
  2751 | D:5      | Reached skill level 1 in Evocations
  2756 | D:5      | Found a viscous altar of Jiyva.
  2768 | D:5      | Became a worshipper of Jiyva Jisch the Shapeless
  2831 | D:5      | Found a sand-covered staircase.
  2879 | D:5      | Found a staircase to the Ecumenical Temple.
  2989 | D:5      | Found a shattered altar of Ashenzari.
  3022 | D:5      | Reached XP level 6. HP: 27/47 MP: 10/10
  3304 | D:5      | Got a steaming plate armour
  3329 | D:5      | Acquired Jiyva's first power
  3370 | D:6      | Noticed Sigmund
  3628 | D:6      | HP: 1/47 [something (8)]
  3948 | D:6      | Killed Sigmund
  4028 | D:6      | Noticed Eustachio
  4052 | D:6      | Killed Eustachio
  4052 | D:6      | Reached skill level 5 in Dodging
  4239 | D:6      | Found Tiacod's Antique Weapon Shoppe.
  4332 | D:6      | Killed Menkaure
  4352 | D:6      | Acquired Jiyva's second power
  4559 | D:6      | Gained mutation: Your magical capacity is low (-10% MP). [potion of mutation]
  4559 | D:6      | Gained mutation: Potions and wands are less effective at restoring your health. [potion of mutation]
  4559 | D:6      | Gained mutation: You are weak. (Str -2) [potion of mutation]
  4560 | D:6      | HP: 1/47 [poisoned by a killer bee]
  4561 | D:6      | Succumbed to a killer bee's poison

Action                   |  1- 3 |  4- 6 || total
-------------------------+-------+-------++-------
Melee: Unarmed           |   198 |   176 ||   374
 Cast: Beastly Appendage |     2 |     6 ||     8
 Abil: Evoke Invisibilit |     9 |     9 ||    18
       Evoke Berserk Rag |       |     3 ||     3
  Use: Scroll            |     2 |       ||     2
       Potion            |       |     2 ||     2
 Stab: Sleeping          |     3 |     1 ||     4
       Invisible         |    10 |     6 ||    16
  Eat: Chunk             |     6 |    14 ||    20
       Pizza             |       |     1 ||     1
